 Dungeon Crawl Stone Soup version 0.22.1-1-ga44c0e5 (webtiles) character file.

845 Anon1729 the Charlatan (level 7, -11/35 HPs)
             Began as a Spriggan Artificer on Oct 7, 2018.
             Killed by divine providence
             ... invoked by an orc priest
              (12 damage)
             ... on level 4 of the Dungeon.
             The game lasted 00:09:52 (4845 turns).

Anon1729 the Charlatan (Spriggan Artificer)         Turns: 4845, Time: 00:09:52

Health: -11/35     AC:  2    Str: 12    XL:     7   Next: 68%
Magic:  13/13      EV: 22    Int: 13    God:
Gold:   115        SH:  0    Dex: 18    Spells: 6/6 levels left

rFire    . . .     SeeInvis +   q - +2 dagger (vamp)
rCold    . . .     Gourm    .   (shield restricted)
rNeg     . . .     Faith    .   b - +0 robe
rPois    .         Spirit   .   (helmet restricted)
rElec    .         Reflect  .   (no cloak)
rCorr    .         Harm     .   (gloves unavailable)
MR       +....                  (boots unavailable)
Stlth    ++++......             (no amulet)
HPRegen  0.11/turn              o - +4 ring of strength
MPRegen  0.13/turn              (no ring)

@: very quick
A: very small, unfitting armour, see invisible, herbivore, speed 3, slow
metabolism 2
a: no special abilities


You were on level 4 of the Dungeon.
You were very hungry.

You visited 1 branch of the dungeon, and saw 5 of its levels.

You collected 115 gold pieces.

Inventory:

Hand Weapons
 a - a +0 short sword
 g - a +0 dagger
 q - a +2 vampiric dagger (weapon)
 x - a +2 vampiric dagger
Armour
 b - a +0 robe (worn)
Jewellery
 h - a cursed amulet of inaccuracy {unknown}
 o - a +4 ring of strength (left hand)
Wands
 c - a wand of flame (11)
 d - a wand of enslavement (7)
 e - a wand of random effects (9)
Scrolls
 l - a scroll of noise {unknown}
 m - a scroll of amnesia {unknown}
 n - 2 scrolls of enchant weapon
 r - a scroll of enchant armour {unknown}
 s - 2 scrolls of teleportation
 t - 3 scrolls of remove curse
 u - a scroll of magic mapping {unknown}
Potions
 i - a potion of lignification {unknown}
 j - a potion of might {unknown}
 k - a potion of heal wounds {unknown}
 p - a potion of ambrosia {unknown}
 v - a potion of cancellation {unknown}
 w - 2 potions of brilliance {unknown}
Comestibles
 f - 5 rations


   Skills:
 + Level 2.3 Fighting
 * Level 4.5 Short Blades
 * Level 6.4 Dodging
 * Level 6.4 Stealth
 * Level 6.8 Evocations


You had 6 spell levels left.
You didn't know any spells.
Your spell library was empty.

Dungeon Overview and Level Annotations

Branches:
Dungeon (5/15)
 Temple: D:4-7

Altars:
Gozag
Ru

Shops:
D:4 [


Innate Abilities, Weirdness & Mutations

You are very small and have problems with some larger weapons.
You are too small for most types of armour.
You have supernaturally acute eyesight. (SInv)
You are a herbivore.
You cover ground extremely quickly.
You need to consume almost no food.


Message History

Evoke which item? (* to show all) (? for menu, Esc to quit)
Aiming: Enslavement
Press: ? - help, Shift-Dir - straight line, f/p - orc priest
Aim: an orc priest, wielding a flail (chance to defeat MR: 66%)
The orc priest struggles to resist.
The orc priest hits you with a flail!
* * * LOW HITPOINT WARNING * * *
Unknown command.
Evoke which item? (* to show all) (? for menu, Esc to quit)
Aiming: Enslavement
Press: ? - help, Shift-Dir - straight line, f/p - orc priest
Aim: an orc priest, wielding a flail (chance to defeat MR: 66%)
The orc barely resists.
Evoke which item? (* to show all) (? for menu, Esc to quit)
Aiming: Enslavement
Press: ? - help, Shift-Dir - straight line, f/p - orc priest
Aim: an orc priest, wielding a flail (chance to defeat MR: 66%)
The orc priest struggles to resist.
The orc priest invokes the aid of Beogh against you.
Beogh smites you!
You die...

...#.#.### #.# #.#.. #..
#.#....# #.# #.#..# #..
.#...### #.# #. .......
#....# #.# #..#### ######
#.. .. ## #.# .. # #.. .# #
#.#####.# # # #####
#..@..#.###'## ########...#
#.....#......#
......##...###...o.#......#
...................o).....#
......##...##########.....#
......###### ....# #######
...# ###


You could see an orc priest and an orc.

Vanquished Creatures
  Sigmund (D:3)
  An ogre (D:4)
  2 bullfrogs (D:4)
  A scorpion (D:4)
  2 killer bees (D:3)
  2 hounds (D:4)
  An orc priest (D:4)
  2 worker ants (D:4)
  4 gnolls (D:4)
  2 adders
  2 oozes
  A worm (D:3)
  6 dart slugs
  A leopard gecko (D:4)
  10 orcs
  A ball python (D:2)
  9 bats
  A giant cockroach (D:3)
  8 goblins
  5 hobgoblins
  10 jackals
  6 kobolds
  A quokka (D:3)
  2 frilled lizards
  2 rats
83 creatures vanquished.

Vanquished Creatures (collateral kills)
  A worker ant (D:4)
1 creature vanquished.

Vanquished Creatures (others)
  A killer bee (D:5)
  A gnoll shaman (D:4)
2 creatures vanquished.

Grand Total: 86 creatures vanquished

Notes
Turn   | Place    | Note
-------+----------+-------------------------------------------
     0 | D:1      | Anon1729 the Spriggan Artificer began the quest for the
                  | Orb.
     0 | D:1      | Reached XP level 1. HP: 9/9 MP: 4/4
   219 | D:1      | Reached XP level 2. HP: 8/14 MP: 6/6
   430 | D:1      | Reached skill level 1 in Fighting
   891 | D:1      | Reached XP level 3. HP: 18/18 MP: 7/7
  1995 | D:3      | Noticed Sigmund
  2066 | D:3      | Killed Sigmund
  2066 | D:3      | Reached skill level 5 in Evocations
  2066 | D:3      | Reached XP level 4. HP: 22/22 MP: 7/9
  2066 | D:3      | Reached XP level 5. HP: 25/25 MP: 7/10
  2943 | D:3      | You fall through a shaft!
  2967 | D:4      | Reached XP level 6. HP: 29/30 MP: 11/11
  2999 | D:4      | Reached skill level 5 in Dodging
  3365 | D:4      | Found Jeixoec's Antique Armour Emporium.
  3446 | D:4      | Reached skill level 5 in Stealth
  3565 | D:4      | Found a sacrificial altar of Ru.
  3843 | D:3      | Reached XP level 7. HP: 19/35 MP: 12/12
  4050 | D:5      | Entered Level 5 of the Dungeon
  4659 | D:4      | Found an opulent altar of Gozag.
  4840 | D:4      | HP: 1/35 [orc priest/flail (7)]
  4845 | D:4      | Killed from afar by an orc priest

Skill      XL: |  1  2  3  4  5  6  7 |
---------------+----------------------+-----
Stealth        | 2 4 5 6 |  6.4
Fighting       | 1 2 |  2.3
Short Blades   | 3 4 |  4.5
Dodging        | 4 5 6 |  6.4
Evocations     | 5 6 |  6.8

Action                   |  1- 3 |  4- 6 |  7- 9 || total
-------------------------+-------+-------+-------++-------
Melee: Short sword       |   190 |   122 |       ||   312
       Dagger            |       |    39 |   130 ||   169
Evoke: Wand              |     4 |     5 |     9 ||    18
  Use: Scroll            |       |     5 |       ||     5
       Potion            |       |     2 |     2 ||     4
 Stab: Sleeping          |     5 |     5 |     4 ||    14
       Distracted        |       |       |     1 ||     1
  Eat: Ration            |       |     3 |       ||     3
Armor: Robe              |    18 |     8 |     4 ||    30
Dodge: Dodged            |   202 |   184 |   107 ||   493
